 Dungeon Crawl Stone Soup version 0.30-a0-830-gfe289a77b0 (webtiles) character file.

Game seed: 3990954802687384708

28 Esekla the Sneak (level 3, 26/26 HPs)
             Began as an Octopode Delver on Mar 1, 2023.
             Quit the game on level 5 of the Dungeon.
             The game lasted 00:01:29 (148 turns).

Esekla the Sneak (Octopode Delver)                   Turns: 148, Time: 00:01:30

Health: 26/26      AC:  1    Str: 11    XL:     3   Next: 12%
Magic:  3/3        EV: 13    Int: 14    God:
Gold:   45         SH:  0    Dex: 13    Spells: 3/3 levels left

rFire   . . .      SeeInvis .    a - +0 falchion
rCold   . . .      Faith    .    (no shield)
rNeg    . . .      Spirit   .    (helmet restricted)
rPois   .          Reflect  .    (no amulet)
rElec   .          Harm     .    (no ring)
rCorr   .          Rampage  .    (no ring)
Will    .....                    (no ring)
Stlth   ++++                     (no ring)
HPRegen 0.24/turn                (no ring)
MPRegen 0.08/turn                (no ring)
                                 (no ring)
                                 (no ring)

@: no status effects
A: almost no armour, amphibious, 8 rings, camouflage 1, gelatinous body 1,
(nimble swimmer 1), tentacles
a: no special abilities


You were on level 5 of the Dungeon.
You visited 1 branch of the dungeon, and saw 1 of its levels.

You collected 45 gold pieces.

Inventory:

Hand Weapons
 a - a +0 falchion (weapon)
Jewellery
 h - a ring of flight
Wands
 f - a wand of digging (3)
Scrolls
 b - a scroll of fog
 g - a scroll of teleportation {unknown}
Potions
 e - a potion of haste
 i - a potion of curing {unknown}


   Skills:
 * Level 3.3 Fighting
 * Level 2.1 Long Blades
 * Level 2.2 Dodging
 + Level 7.1 Stealth
 * Level 0.6 Spellcasting


You had 3 spell levels left.
You didn't know any spells.
Your spell library contained the following spells:

 Spells                   Type           Power      Damage    Failure   Level
 Ensorcelled Hibernation  Hex/Ice        0%         N/A       38%         2
 Spider Form              Tmut/Pois      0%         N/A       63%         3
 Anguish                  Hex/Necr       0%         N/A       95%         4


Dungeon Overview and Level Annotations

Branches:
Dungeon (5/15)
 Temple: D:4-7

Altars:
Trog


Innate Abilities, Weirdness & Mutations

You cannot wear most types of armour.
You are amphibious.
You can wear up to eight rings at the same time.
Your skin changes colour to match your surroundings (Stealth+).
Your rubbery body absorbs attacks. (AC +1, EV +1)
((You are camouflaged when in or above water. (Stealth+)))
You have tentacles for arms and can constrict up to eight enemies at once.


Message History

You add the spells Ensorcelled Hibernation, Spider Form and Anguish to your library.
A scorpion comes into view.
Found a stone staircase leading up.
A hound comes into view.
Found 15 gold pieces.
The hound barks!
You barely miss the hound. Your grab misses the hound.
Your squeeze misses the hound. The hound bites you.
You barely miss the hound. You grab the hound.
You constrict the hound, but do no damage.
The hound bites you. x2
You hit the hound. You squeeze the hound.
The hound is moderately wounded.
You constrict the hound. The hound bites you. The hound closely misses you.
You hit the hound.
The hound is heavily wounded.
You constrict the hound. The hound barely misses you. The hound bites you.
* * * LOW HITPOINT WARNING * * *
You slash the hound!
You kill the hound!
Your Stealth skill increases to level 7!
You have reached level 2!
You have reached level 3!
Your experience leads to an increase in your attributes!
Increase (S)trength, (I)ntelligence, or (D)exterity?
You feel clever. x2
You start resting.
A scorpion is nearby!
An iguana comes into view.
Found 3 stones.
A gnoll comes into view. It is wielding a +0 halberd.
As you read the scroll of fear, it crumbles to dust.
You assume a fearsome visage.
The scorpion looks frightened!
The iguana looks frightened!
You now have 35 gold pieces (gained 15).
Found 10 gold pieces.
You now have 45 gold pieces (gained 10).
A hound comes into view.
Found a bloodstained altar of Trog.
Are you sure you want to abandon this character and quit the game? (Confirm with "yes".)

***###########
*******,,.......@..#
,,,,,,,,,####^####.#
,,,,,,**,*,.....,#.#
,,,,,,,*,*,......#.#
,,,,,,,,,*,......#.#
,,,,,,*,,^,.._...^.#
,,,,,,**,*,......#.# #########
,,,,,,**,*.......#.###.......##**
,,,,,,**,*,.....,#..##.........,*


There were no monsters in sight!

Vanquished Creatures
  A hound (D:5)
1 creature vanquished.

Notes
Turn   | Place    | Note
-------+----------+-------------------------------------------
     0 | D:5      | Esekla the Octopode Delver began the quest for the Orb.
     0 | D:5      | Reached XP level 1. HP: 16/16 MP: 1/1
    33 | D:5      | Noticed a scorpion
    34 | D:5      | Noticed a hound
    55 | D:5      | Killed a hound
    56 | D:5      | Reached skill level 7 in Stealth
    56 | D:5      | Reached XP level 2. HP: 4/21 MP: 2/2
    56 | D:5      | Reached XP level 3. HP: 5/26 MP: 3/3
   140 | D:5      | Found a bloodstained altar of Trog.
   148 | D:5      | Quit the game

Illustrated notes

Levels and vault maps discovered:
D:5:      layout_basic, lemuel_tele_altar

Skill      XL: |  1 |
---------------+----+-----
Stealth        | 7 |  7.1
Fighting       | |  3.3
Long Blades    | |  2.1
Dodging        | |  2.2
Spellcasting   | |  0.6

Action                     || total
---------------------------++-------
  Melee: Falchion          ||     5
         Constrict         ||     1
         Tentacles         ||     1
    Use: Scroll            ||     2
  Dodge: Dodged            ||     2

Table legend: (Time is in decaauts)
 A = Elapsed time spent in this place.
 B = Non-inter-level travel time spent in this place.
 C = Inter-level travel time spent in this place.
 D = Time resting spent in this place.
 E = Time spent auto-exploring this place.
 F = Levels seen in this place.
 G = Mean time per level.
                   A        B        C        D        E       F      G
               +--------+--------+--------+--------+--------+-----+--------+
         Total |    149 |    149 |      0 |     13 |      0 |   1 |  149.0 |
       Dungeon |    149 |    149 |      0 |     13 |      0 |   1 |  149.0 |
               +--------+--------+--------+--------+--------+-----+--------+

Top non-repeatable levels by time:
     D:5: 149 daAuts
